 Dungeon Crawl Stone Soup version 0.28-a0-95-g65e1ffefe4 (webtiles) character file.

Game seed: 17621523615207788626

294 pokeman the Magician (level 6, -4/34 HPs)
             Began as a Deep Elf Hedge Wizard on Aug 8, 2021.
             Killed by nerve-wracking pain
             ... invoked by an orc priest
              (14 damage)
             ... on level 4 of the Dungeon.
             The game lasted 00:10:27 (5240 turns).

pokeman the Magician (Deep Elf Hedge Wizard)        Turns: 5240, Time: 00:10:28

Health: -4/34      AC:  6    Str:  7    XL:     6   Next: 11%
Magic:  1/17       EV: 12    Int: 21    God:
Gold:   124        SH:  0    Dex: 14    Spells: 2/18 levels left

rFire   . . .      SeeInvis .   d - +2 hand axe (venom)
rCold   . . .      Faith    .   (no shield)
rNeg    . . .      Spirit   .   e - +0 leather armour
rPois   .          Reflect  .   a - +0 helmet
rElec   .          Harm     .   (no cloak)
rCorr   .          Rampage  .   s - +0 pair of gloves
Will    .....                   g - +0 pair of boots
Stlth   ++........              (no amulet)
HPRegen 0.11/turn               (no ring)
MPRegen 0.15/turn               (no ring)

@: very slightly contaminated
A: no striking features
a: no special abilities


You were on level 4 of the Dungeon.
You visited 1 branch of the dungeon, and saw 4 of its levels.

You collected 195 gold pieces.
You spent 71 gold pieces at shops.

Inventory:

Hand Weapons
 d - a +2 hand axe of venom (weapon)
Missiles
 n - 47 bolts
Armour
 a - a +0 helmet (worn)
 e - a +0 leather armour (worn)
 g - a +0 pair of boots (worn)
 s - a +0 pair of gloves (worn)
Magical Staves
 m - a staff of earth
Scrolls
 b - 2 scrolls of magic mapping
 c - 4 scrolls of identify {unknown}
 j - 2 scrolls of enchant weapon {unknown}
 l - 7 scrolls of noise {unknown}
 p - 3 scrolls of teleportation
 r - a scroll of immolation {unknown}
 t - a scroll of holy word {unknown}
 u - a scroll of summoning {unknown}
Potions
 f - a potion of lignification {unknown}
 h - a potion of heal wounds {unknown}
 i - a potion of haste {unknown}
 k - a potion of ambrosia {unknown}
 o - a potion of cancellation {unknown}
 q - a potion of curing {unknown}


   Skills:
 - Level 1.0 Fighting
 - Level 1.0 Armour
 - Level 3.0 Dodging
 - Level 3.0 Stealth
 * Level 6.8 Spellcasting
 + Level 3.1 Conjurations
 - Level 1.1 Summonings
 - Level 1.1 Translocations
 - Level 1.0 Fire Magic
 - Level 1.0 Air Magic
 - Level 1.1 Earth Magic
 + Level 0.0 Poison Magic
 + Level 0.5 Evocations


You had 2 spell levels left.
You knew the following spells:

 Your Spells              Type           Power      Damage    Failure   Level
a - Magic Dart            Conj           80%        1d7       3%          1
b - Mephitic Cloud        Conj/Pois/Air  12%        N/A       22%         3
c - Call Imp              Summ           11%        N/A       13%         2
d - Blink                 Tloc           N/A        N/A       13%         2
e - Conjure Flame         Conj/Fire      15%        6-21      17%         3
f - Bolt of Magma         Conj/Fire/Erth 7%         4d6       87%         5

Your spell library contained the following spells:

 Spells                   Type           Power      Damage    Failure   Level
 Freeze                   Ice            28%        1d5       13%         1
 Slow                     Hex            7%         N/A       21%         2
 Sublimation of Blood     Necr           3%         N/A       21%         2
 Wereblood                Tmut           7%         N/A       21%         2
 Lesser Beckoning         Tloc           5%         N/A       26%         3
 Ignite Poison            Fire/Tmut/Pois 8%         N/A       34%         3
 Frozen Ramparts          Ice            14%        1d3       36%         3
 Tukima's Dance           Hex            7%         N/A       36%         3
 Hailstorm                Conj/Ice       13%        3d5       56%         4
 Passage of Golubria      Tloc           N/A        N/A       63%         4
 Manifold Assault         Tloc           11%        N/A       93%         5
 Yara's Violent Unravell  Hex/Tmut       3%         3d4       98%         5
 Summon Hydra             Summ           5%         N/A       100%        7


Dungeon Overview and Level Annotations

Branches:
Dungeon (4/15)
 Temple: D:4-7

Altars:
Gozag

Shops:
D:1 *


Message History

The stinking cloud engulfs the orc priest but does no damage.
The orc priest is heavily wounded.
The orc priest is engulfed in noxious fumes.
The orc priest appears confused.
Unknown command.
The orc priest is engulfed in noxious fumes.
The orc priest appears confused.
Casting: Mephitic Cloud (quite dangerous; 26% risk of failure)
Confirm with . or Enter, or press ? or * to list all spells.
The spell is quite dangerous to cast (26% risk of failure)!
Continue anyway?
Aiming: Mephitic Cloud (quite dangerous; 26% risk of failure)
Press: ? - help, Shift-Dir - straight line, f - orc priest, p - orc priest
Aim: an orc priest, wielding a +2 dagger of venom and wearing a +0 leather armour (chance to affect: 86%)
The ball explodes into a vile cloud!
The stinking cloud engulfs the orc priest but does no damage. x2
The orc priest is severely wounded.
The orc priest is engulfed in noxious fumes.
The orc priest appears confused.
The orc priest falls into the water!
The orc priest drowns.
You hear a splash. x4
Your Conjurations skill increases to level 3!
Unknown command.
Unknown command.
The orc priest is engulfed in noxious fumes.
The orc priest appears confused.
The orc priest falls into the water!
The orc priest drowns.
You hear a splash. x3
Your Earth Magic skill increases to level 1!
You have reached level 6!
Your experience leads to an increase in your attributes!
Increase (S)trength, (I)ntelligence, or (D)exterity?
You feel clever.
Memorise Wereblood, consuming 2 spell levels and leaving 0?
You start memorising the spell.
You continue memorising.
The orc priest calls down the wrath of Beogh upon you.
Your memorisation is interrupted.
Pain shoots through your body!
* * * LOW HITPOINT WARNING * * *
The orc priest invokes the aid of Beogh against you.
Pain shoots through your body!
You die...

#... ##.......## #.##
.##..≈≈.≈≈..# #.# .....≈.≈...##
#.# #.≈.....≈..# #.# #
#.≈≈...≈≈..# #.# '# #...._.....#
#.# ... ##.○≈...≈≈..# #># ..).
#..≈..@..≈..# ##.# ....o
.#o...≈.≈....# #<.##
##)...........≈≈.≈≈...#######...#
.'l).......'.....................
##.........###......#########...#
....... ##<..#.# #..## .....
#.#.#.# #.## ... #...#.# ##.## +#
#..##.# #.#.#


You could see an orc priest.

Vanquished Creatures
  A howler monkey (D:2)
  2 orc priests (D:4)
  An iguana (D:4)
  An orc wizard (D:4)
  7 adders
  3 dart slugs (D:1)
  4 orcs (D:4)
  6 bats
  6 endoplasms
  4 giant cockroaches
  2 goblins
  5 hobgoblins
  7 jackals
  7 kobolds
  2 quokkas
  9 ball pythons
  2 frilled lizards
  3 rats
72 creatures vanquished.

Notes
Turn   | Place    | Note
-------+----------+-------------------------------------------
     0 | D:1      | pokeman the Deep Elf Hedge Wizard began the quest for the
                  | Orb.
     0 | D:1      | Reached XP level 1. HP: 10/10 MP: 7/7
   286 | D:1      | Found Ilauj's General Store.
   294 | D:1      | Upgraded the game from 0.28-a0-94-g325244837d to
                  | 0.28-a0-95-g65e1ffefe4
   603 | D:1      | Reached XP level 2. HP: 16/16 MP: 5/9
  1115 | D:1      | Found a faded altar of an unknown god.
  1381 | D:1      | Reached skill level 5 in Spellcasting
  1727 | D:1      | Reached XP level 3. HP: 20/20 MP: 7/11
  1731 | D:1      | Learned a level 3 spell: Mephitic Cloud
  1734 | D:1      | Learned a level 2 spell: Call Imp
  1737 | D:1      | Learned a level 2 spell: Blink
  1741 | D:1      | Learned a level 3 spell: Conjure Flame
  1869 | D:1      | Bought a scroll of magic mapping for 38 gold pieces
  2117 | D:2      | Reached skill level 1 in Fighting
  2169 | D:2      | Reached skill level 1 in Armour
  2488 | D:2      | Reached XP level 4. HP: 18/25 MP: 1/13
  2717 | D:2      | Reached skill level 1 in Fire Magic
  4015 | D:3      | Reached skill level 6 in Spellcasting
  4015 | D:3      | Reached XP level 5. HP: 21/29 MP: 8/15
  4287 | D:1      | Bought a scroll of teleportation for 33 gold pieces
  4933 | D:4      | Learned a level 5 spell: Bolt of Magma
  4969 | D:4      | Reached skill level 1 in Air Magic
  5219 | D:4      | Found an opulent altar of Gozag.
  5238 | D:4      | Reached skill level 1 in Earth Magic
  5238 | D:4      | Reached XP level 6. HP: 24/34 MP: 1/17
  5240 | D:4      | Killed from afar by an orc priest

Illustrated notes

Levels and vault maps discovered:
D:1:      matt_arrival_refuge, layout_basic, serial_shops,
          nicolae_lakefront_shop, shapermc_ecumenical_altar_mp_ritualfount,
          serial_co_window_serial, co_window_corner_a,
          co_window_of_opportunity_a, co_window_of_opportunity_a,
          co_window_of_opportunity_a, co_window_paths_b, co_window_corner_b,
          co_window_paths_c, co_window_broadway_c, co_window_4corner_a,
          co_window_sun, glass_columns_a, glass_columns_a, glass_columns_a,
          minivault_19
D:2:      layout_basic
D:3:      minmay_door_path, layout_basic
D:4:      layout_loops_corners, mainiacjoe_overflow_small_starburst,
          kennysheep_small_square

Skill      XL: |  1  2  3  4  5 |
---------------+----------------+-----
Spellcasting   | 5 6 |  6.8
Fighting       | 1 |  1.0
Armour         | 1 |  1.0
Conjurations   | 2 3 |  3.1
Fire Magic     | 1 |  1.0
Dodging        | 3 |  3.0
Air Magic      | 1 |  1.0
Stealth        | 3 |  3.0
Earth Magic    | 1 |  1.1
Summonings     | |  1.1
Translocations | |  1.1
Evocations     | |  0.5

Action                   |  1- 3 |  4- 6 || total
-------------------------+-------+-------++-------
Melee: Hand axe          |     7 |    10 ||    17
 Cast: Magic Dart        |    96 |    72 ||   168
       Mephitic Cloud    |       |     5 ||     5
 Stab: Sleeping          |     2 |       ||     2
Armor: Leather armour    |     5 |     5 ||    10
Dodge: Dodged            |     7 |    14 ||    21

Table legend: (Time is in decaauts)
 A = Elapsed time spent in this place.
 B = Non-inter-level travel time spent in this place.
 C = Inter-level travel time spent in this place.
 D = Time resting spent in this place.
 E = Time spent auto-exploring this place.
 F = Levels seen in this place.
 G = Mean time per level.
                   A        B        C        D        E       F      G
               +--------+--------+--------+--------+--------+-----+--------+
         Total |   5250 |   4667 |    583 |    265 |   3946 |   4 | 1312.5 |
       Dungeon |   5250 |   4667 |    583 |    265 |   3946 |   4 | 1312.5 |
               +--------+--------+--------+--------+--------+-----+--------+

Top non-repeatable levels by time:
     D:1: 1962 daAuts
     D:3: 1533 daAuts
     D:2: 1187 daAuts
     D:4: 567 daAuts
